 Dungeon Crawl Stone Soup version 0.30-a0-651-g0755cc6dcf (webtiles) character file.

Game seed: 5906110609540183898

357 CoinPitGoblin the Digger (level 6, -3/32 HPs)
             Began as a Gargoyle Earth Elementalist on Jan 18, 2023.
             Was an Initiate of Gozag.
             Slain by an iguana (7 damage)
             ... on level 4 of the Dungeon.
             The game lasted 00:04:43 (3196 turns).

CoinPitGoblin the Digger (GrEE)                     Turns: 3196, Time: 00:04:43

Health: -3/32      AC:  8    Str: 17    XL:     6   Next: 64%
Magic:  9/12       EV: 12    Int: 18    God:    Gozag
Gold:   90         SH:  0    Dex: 10    Spells: 7/13 levels left

rFire   . . .      SeeInvis .    n - +0 short sword (protect)
rCold   . . .      Faith    .    (no shield)
rNeg    + . .      Spirit   .    a - +0 robe
rPois   ∞          Reflect  .    e - +0 helmet
rElec   +          Harm     .    (no cloak)
rCorr   .          Rampage  .    (no gloves)
Will    .....                    i - +0 pair of boots
Stlth   ++                       (no amulet)
HPRegen 0.25/turn                q - +6 ring of strength
MPRegen 0.13/turn                (no ring)

@: about to teleport
A: sickness immunity, AC +4, negative energy resistance 1, electricity
resistance, torment resistance 1, petrification resistance
a: Renounce Religion, Potion Petition, Call Merchant, Bribe Branch


You were on level 4 of the Dungeon.
You worshipped Gozag.
Gozag was noncommittal.
You visited 2 branches of the dungeon, and saw 5 of its levels.

You collected 144 gold pieces.
You paid 54 gold pieces to Gozag.

Inventory:

Hand Weapons
 d - a +0 short sword
 n - a +0 short sword of protection (weapon)
Armour
 a - a +0 robe (worn)
 e - a +0 helmet (worn)
 i - a +0 pair of boots (worn)
Jewellery
 q - a +6 ring of strength (left hand)
Wands
 u - a wand of iceblast (10)
Scrolls
 f - 6 scrolls of identify {unknown}
 h - 2 scrolls of teleportation
 j - a scroll of amnesia {unknown}
 k - 2 scrolls of silence {unknown}
 o - 2 scrolls of fear {unknown}
 r - 2 scrolls of noise {unknown}
 v - a scroll of enchant armour {unknown}
Potions
 b - a potion of magic
 g - a potion of ambrosia {unknown}
 l - a potion of berserk rage {unknown}
 m - a potion of invisibility {unknown}
 p - a potion of lignification {unknown}
 s - a potion of heal wounds {unknown}
 t - a potion of curing {unknown}


   Skills:
 + Level 0.1 Fighting
 + Level 2.0 Dodging
 - Level 2.1 Stealth
 + Level 4.3 Spellcasting
 - Level 0.7 Transmutations
 + Level 6.6 Earth Magic


You had 7 spell levels left.
You knew the following spells:

 Your Spells              Type           Power      Damage    Failure   Level
a - Stone Arrow           Conj/Erth      30%        3d8       11%         3
q - Sandblast             Erth           54%        2d13      1%          1
z - Passwall              Tmut/Erth      14%        N/A       4%          2

Your spell library contained the following spells:

 Spells                   Type           Power      Damage    Failure   Level
 Petrify                  Tmut/Erth      17%        N/A       30%         4


Dungeon Overview and Level Annotations

Branches:
Dungeon (4/15)             Temple (1/1) D:4

Altars:
Dithmenos
Gozag
Hepliaklqana
Kikubaaqudgha
Makhleb
Nemelex Xobeh
Qazlal
Sif Muna
Trog
Uskayaw
Wu Jian
Xom
The Shining One

Shops:
D:1 !   D:3 *


Innate Abilities, Weirdness & Mutations

You are immune to sickness and miasma.
Your stone body is resilient. (AC +4)
You are immune to poison.
You resist negative energy. (rN+)
You are resistant to electric shocks. (rElec)
You are resistant to unholy torment.
You are immune to petrification.


Message History

You barely miss the iguana.
The ogre shouts!
The iguana misses you.
You hit the iguana.
Your weapon exudes an aura of protection.
The iguana is moderately wounded.
The iguana bites you but does no damage.
The blast of sand hits the iguana.
The iguana is moderately wounded.
The ogre is distracted by your dazzling golden aura.
The iguana bites you! The iguana bites you.
The ogre shouts!
You hit the iguana.
The iguana is moderately wounded.
The iguana bites you but does no damage.
The blast of sand misses the iguana.
The iguana bites you but does no damage.
You hit the iguana but do no damage.
The iguana is moderately wounded.
The iguana bites you but does no damage.
The blast of sand misses the iguana.
The ogre is no longer distracted by gold.
The iguana bites you. The iguana closely misses you.
You are too injured to fight recklessly!
You are too injured to fight recklessly!
You are too injured to fight recklessly!
You are too injured to fight recklessly!
Casting: Sandblast (safe; 1% risk of failure)
Confirm with . or Enter, or press ? or * to list all spells.
Okay, then.
The iguana attacks as you move away! The iguana bites you!
* * * LOW HITPOINT WARNING * * *
The iguana attacks as you move away! The iguana bites you.
* * * LOW HITPOINT WARNING * * *
Okay, then.
As you read the scroll labelled REN BETOYT, it crumbles to dust.
You feel strangely unstable.
It was a scroll of teleportation.
The iguana bites you!
You die...
Your body crumbles into a pile of gold.

.#.#.# ##.#.# ...#.#
########## ##.#.#
#......... .#.#.#
##......... .#.#.#
#.......... ...#.#
#.....$....
####.############..........
#.^..........@lO........ #
###########............> .
#(........###. .
#.........# . ###.........
. ........... .
##.......... ####
#.####..... ....


You could see an ogre and an iguana.

Vanquished Creatures
  2 ogres (D:4)
  A bullfrog (D:4)
  A hound (D:4)
  An orc priest (D:3)
  An adder (D:4)
  A dart slug (D:3)
  3 orcs (D:3)
  6 ball pythons
  6 bats
  4 endoplasms
  5 giant cockroaches
  8 goblins
  5 hobgoblins
  2 jackals (D:1)
  5 kobolds
  2 quokkas
  5 frilled lizards
  A rat (D:2)
59 creatures vanquished.

Notes
Turn   | Place    | Note
-------+----------+-------------------------------------------
     0 | D:1      | CoinPitGoblin the Gargoyle Earth Elementalist began the
                  | quest for the Orb.
     0 | D:1      | Reached XP level 1. HP: 10/10 MP: 3/3
    96 | D:1      | Reached skill level 4 in Earth Magic
   120 | D:1      | Reached XP level 2. HP: 10/15 MP: 0/5
   261 | D:1      | Found a faded altar of an unknown god.
   358 | D:1      | Found Dotsis's Distillery.
   659 | D:1      | Reached XP level 3. HP: 19/19 MP: 4/6
  1816 | D:3      | Found Uhecs's Assorted Antiques.
  1932 | D:3      | Learned a level 2 spell: Passwall
  1936 | D:3      | Learned a level 3 spell: Stone Arrow
  2310 | D:3      | Reached skill level 5 in Earth Magic
  2310 | D:3      | Reached XP level 4. HP: 14/24 MP: 0/8
  2739 | D:4      | Noticed an ogre
  2740 | D:4      | Noticed an ogre
  2741 | D:4      | Killed an ogre
  2742 | D:4      | Reached XP level 5. HP: 28/28 MP: 6/10
  2748 | D:4      | Killed an ogre
  2749 | D:4      | Reached skill level 6 in Earth Magic
  2749 | D:4      | Reached XP level 6. HP: 14/32 MP: 2/12
  2863 | D:4      | Found a staircase to the Ecumenical Temple.
  2881 | Temple   | Entered the Ecumenical Temple
  3104 | Temple   | Became a worshipper of Gozag Ym Sagoz the Greedy
  3196 | D:4      | Slain by an iguana

Illustrated notes

Levels and vault maps discovered:
D:1:      sevenhm_arrival_forest_fort_large_2, layout_basic, serial_shops,
          nicolae_shop_hallway_stairs, ebering_ecumenical_altar_webs,
          minmay_misc_feat_rugged, grunt_decor_mini_mirrors
D:2:      layout_basic
D:3:      layout_loops_ring, serial_shops, nicolae_shop_trees
D:4:      kb_forest_paths, layout_basic, lemuel_coloured_pillars_altar,
          corexii_item_surrounded_by_moat, minmay_misc_feat_roman, uniq_duvessa
Temple:   compressed_dpeg_triangle_lava_temple

Skill      XL: |  1  2  3  4  5 |
---------------+----------------+-----
Earth Magic    | 4 5 6 |  6.6
Spellcasting   | 3 4 |  4.3
Dodging        | 2 |  2.0
Fighting       | |  0.1
Stealth        | |  2.1
Transmutations | |  0.7

Action                   |  1- 3 |  4- 6 || total
-------------------------+-------+-------++-------
Melee: Unarmed           |     5 |       ||     5
       Short sword       |    13 |     6 ||    19
 Cast: Sandblast         |    56 |    25 ||    81
  Use: Scroll            |     1 |     2 ||     3
Armor: Robe              |    18 |     8 ||    26
Dodge: Dodged            |    27 |     8 ||    35

Table legend: (Time is in decaauts)
 A = Elapsed time spent in this place.
 B = Non-inter-level travel time spent in this place.
 C = Inter-level travel time spent in this place.
 D = Time resting spent in this place.
 E = Time spent auto-exploring this place.
 F = Levels seen in this place.
 G = Mean time per level.
                   A        B        C        D        E       F      G
               +--------+--------+--------+--------+--------+-----+--------+
         Total |   3235 |   2946 |    289 |      0 |   2502 |   5 |  647.0 |
       Dungeon |   3002 |   2721 |    281 |      0 |   2315 |   4 |  750.5 |
        Temple |    232 |    224 |      8 |      0 |    187 |   1 |  232.0 |
               +--------+--------+--------+--------+--------+-----+--------+

Top non-repeatable levels by time:
     D:1: 1095 daAuts
     D:3: 849 daAuts
     D:2: 822 daAuts
     D:4: 236 daAuts
  Temple: 232 daAuts
